 Dungeon Crawl Stone Soup version 0.21-a0-633-g4c047d5 (webtiles) character file.

1864 shenanigans the Skirmisher (level 9, -11/69 HPs)
             Began as a Barachi Skald on Dec 28, 2017.
             Was a Priest of Okawaru.
             Mangled by a two-headed ogre
             ... wielding a +0 giant spiked club
              (17 damage)
             ... on level 8 of the Dungeon.
             The game lasted 00:27:53 (8502 turns).

shenanigans the Skirmisher (Barachi Skald)          Turns: 8502, Time: 00:27:54

Health: -11/69     AC: 16    Str: 18    XL:     9   Next: 13%
Magic:  12/12      EV:  9    Int: 20    God:    Okawaru [***...]
Gold:   381        SH: 11    Dex: 12    Spells: 11/12 levels left

rFire    + . .     SeeInvis .   M - +4 hand axe of Moral Flaws {chop, *Corrode rF+ rN+ Int+4}
rCold    . . .     Gourm    .   J - +0 shield
rNeg     + . .     Faith    +   n - +0 plate armour
rPois    .         Spirit   .   s - +0 helmet
rElec    .         Reflect  .   r - +0 cloak
rCorr    .         Harm     .   q - +0 pair of gloves
MR       +....                  E - +0 pair of boots
Stlth    ..........             w - amulet of faith
HPRegen  0.21/turn              (no ring)
MPRegen  0.13/turn              C - ring of protection from magic

@: mighty, heroism, corroded, can't hop, slow
A: +LOS, swims, slowness 1, strong legs 1
a: Hop, Heroism, Renounce Religion


You were on level 8 of the Dungeon.
You worshipped Okawaru.
Okawaru was most pleased with you.
You were very hungry.

You visited 2 branches of the dungeon, and saw 9 of its levels.

You collected 444 gold pieces.
You spent 63 gold pieces at shops.

Inventory:

Hand Weapons
 u - a +0 dagger of flaming
 z - a cursed -1 mace
 A - a +0 war axe
 M - the +4 hand axe of Moral Flaws (weapon) {chop, *Corrode rF+ rN+ Int+4}
   (You found it on level 7 of the Dungeon)

   It inflicts extra damage upon your enemies.
   It affects your intelligence (+4).
   It protects you from fire.
   It protects you from negative energy.
   It may corrode you when you take damage.
Missiles
 m - 3 tomahawks (quivered)
Armour
 n - a +0 plate armour (worn)
 q - a +0 pair of gloves (worn)
 r - a +0 cloak (worn)
 s - a +0 helmet (worn)
 E - a +0 pair of boots (worn)
 J - a +0 shield (worn)
Jewellery
 w - an amulet of faith (around neck)
 C - a ring of protection from magic (right hand)
 D - an uncursed ring of flight
Wands
 a - a wand of clouds (5)
 e - a wand of flame (9)
Scrolls
 c - a scroll of teleportation {unknown}
 f - a scroll of remove curse
 j - 2 scrolls of magic mapping
 p - a scroll of amnesia {unknown}
 t - 2 scrolls of fear {unknown}
 v - a scroll of immolation {unknown}
 y - a scroll of enchant weapon {unknown}
 B - 3 scrolls of fog {unknown}
 F - 3 scrolls of enchant armour
 G - a scroll of identify
Potions
 b - a potion of resistance
 g - a potion of invisibility
 h - 3 potions of brilliance
 i - 2 potions of curing
 k - a potion of might
 l - a potion of flight
 o - a potion of lignification
 x - a potion of degeneration {unknown}
 I - a potion of ambrosia
 K - a potion of agility
 L - a potion of magic {unknown}
Books
 H - a Young Poisoner's Handbook

   Spells                             Type                      Level
   a - Sting                          Conjuration/Poison           1
   b - Poisonous Vapours              Poison/Air                   2
   c - Mephitic Cloud                 Conjuration/Poison/Air       3
   d - Olgreb's Toxic Radiance        Poison                       4
   e - Venom Bolt                     Conjuration/Poison           5
Comestibles
 d - 12 rations


   Skills:
 + Level 5.8(10.8) Fighting
 + Level 5.3(10.3) Axes
 + Level 5.5(10.5) Armour
 + Level 5.4(10.4) Dodging
 * Level 4.4(9.4) Shields
 - Level 2.1 Spellcasting
 - Level 3.2 Charms
 - Level 5.0 Invocations


You had 11 spell levels left.
You knew the following spells:

 Your Spells              Type           Power        Failure   Level  Hunger
a - Infusion              Chrm           ###.         87%         1    #......


Dungeon Overview and Level Annotations

Branches:
Dungeon (8/15)             Temple (1/1) D:5
   Lair: D:8-11

Altars:
Ashenzari
Cheibriados
Elyvilon
Fedhas
Gozag
Hepliaklqana
Kikubaaqudgha
Makhleb
Nemelex Xobeh
Okawaru
Qazlal
Ru
Sif Muna
Trog
Vehumet
Wu Jian
Xom
Yredelemnul
Zin
The Shining One

Shops:
D:5 [=[   D:6 (

Annotations:
D:5 Scypho's ghost, novice DrIE
D:7 isock's ghost, novice GnWn


Innate Abilities, Weirdness & Mutations

Shadows flee at your approach. (+LOS)
You can swim through water.
You cover ground slowly.
You can hop short distances.


Message History

The two-headed ogre is severely wounded.
The crimson imp shouts, "Fly, thou reeling-ripe flat-headed swadder!"
You hit the two-headed ogre.
The two-headed ogre is severely wounded.
The two-headed ogre closely misses you. You block the two-headed ogre's attack.
Okay, then.
You hit the two-headed ogre but do no damage.
The two-headed ogre is severely wounded.
The crimson imp blinks!
You hit the two-headed ogre.
The two-headed ogre is severely wounded.
The two-headed ogre hits you with a giant spiked club!
* * * LOW HITPOINT WARNING * * *
The two-headed ogre hits you with a giant spiked club.
* * * LOW HITPOINT WARNING * * *
Okay, then.
Okay, then.
You feel very mighty all of a sudden.
The two-headed ogre hits you with a giant spiked club!
You die...

#.. .. #.. #.. .#
..#. #.. 5.. .. # #..
.#...#.. #..
...#..(#. ..
.#...#... #
.#...#...# #.#..#...#
#..@#..# ###.Oo#
###(# #. . .oo. . ..
..### .# ... ...##
#.####.##.... ...#
#Z##?...........
...#o#..#..........
####.#(#o............


You could see a two-headed ogre, an orc warrior, a crimson imp and 2 orcs.

Vanquished Creatures
  A hippogriff (D:7)
  A necrophage (D:6)
  An ogre (D:4)
  3 phantoms
  A wyvern zombie (D:6)
  3 bullfrogs (D:6)
  4 scorpions
  A bullfrog zombie (D:8)
  2 hounds
  2 orc priests (D:4)
  An iguana (D:5)
  Ijyb (D:4)
  7 orc wizards
  4 worker ants
  A hound skeleton (D:4)
  13 adders
  2 shadow imps
  An ooze (D:3)
  3 worms
  A dart slug (D:2)
  6 leopard geckos
  30 orcs
  3 giant cockroaches (D:1)
  13 hobgoblins
  15 jackals
  13 kobolds
  5 quokkas
  2 ball pythons (D:5)
  8 bats
  8 frilled lizards
  7 goblins
  A leopard gecko skeleton (D:5)
  7 rats
171 creatures vanquished.

Vanquished Creatures (others)
  A fungus (D:4)
1 creature vanquished.

Grand Total: 172 creatures vanquished

Notes
Turn   | Place    | Note
-------+----------+-------------------------------------------
     0 | D:1      | shenanigans the Barachi Skald began the quest for the Orb.
     0 | D:1      | Reached XP level 1. HP: 17/17 MP: 3/3
    85 | D:1      | Reached XP level 2. HP: 18/23 MP: 5/5
   428 | D:1      | Reached XP level 3. HP: 8/28 MP: 6/6
  1462 | D:2      | Reached XP level 4. HP: 35/35 MP: 7/7
  1942 | D:2      | Found an iron altar of Okawaru.
  2166 | D:2      | Found a hazy altar of Hepliaklqana.
  2717 | D:3      | Reached XP level 5. HP: 41/41 MP: 8/8
  2732 | D:2      | Became a worshipper of Warmaster Okawaru
  2907 | D:3      | You fall through a shaft!
  2910 | D:4      | Noticed Ijyb
  2933 | D:4      | Killed Ijyb
  2933 | D:4      | Reached skill level 1 in Invocations
  3604 | D:4      | Reached XP level 6. HP: 41/48 MP: 9/9
  3705 | D:4      | Reached * piety under Okawaru
  4165 | D:4      | Reached XP level 7. HP: 55/55 MP: 10/10
  4369 | D:4      | Found a sacrificial altar of Ru.
  5012 | D:5      | Entered Level 5 of the Dungeon
  5020 | D:5      | Noticed Scypho's ghost (novice DrIE)
  5359 | D:5      | Found Roorhem's Armour Boutique.
  5370 | D:5      | Bought a +0 shield for 63 gold pieces
  5381 | D:5      | Found a staircase to the Ecumenical Temple.
  5564 | D:5      | Found a snail-covered altar of Cheibriados.
  5587 | D:4      | Reached skill level 1 in Shields
  6130 | D:5      | Found Qeskufoige's Antique Armour Shop.
  6264 | D:5      | Reached XP level 8. HP: 43/61 MP: 8/11
  6285 | D:5      | Reached skill level 5 in Fighting
  6523 | D:5      | Reached ** piety under Okawaru
  6767 | D:5      | Found Morhem's Jewellery Shoppe.
  7061 | Temple   | Entered the Ecumenical Temple
  7359 | D:6      | Reached skill level 5 in Armour
  7564 | D:6      | Reached skill level 5 in Dodging
  7580 | D:6      | Reached skill level 5 in Axes
  8104 | D:6      | Found Kat Raudd's Weapon Shop.
  8156 | D:6      | Found an opulent altar of Gozag.
  8331 | D:7      | Got a twisted hand axe
  8335 | D:7      | Identified the +4 hand axe of Moral Flaws {chop, *Corrode rF+ rN+ Int+4} (You found it on level 7 of the Dungeon)
  8346 | D:7      | Noticed a hippogriff
  8365 | D:7      | Killed a hippogriff
  8365 | D:7      | Reached *** piety under Okawaru
  8365 | D:7      | Reached XP level 9. HP: 30/69 MP: 12/12
  8446 | D:7      | Noticed isock's ghost (novice GnWn)
  8473 | D:8      | Reached skill level 5 in Invocations
  8474 | D:8      | Noticed a two-headed ogre
  8502 | D:8      | Mangled by a two-headed ogre

Vault maps used:
D:1:      arrival_zaba_pyramid
D:2:      nicolae_overflow_hidden_temple, lemuel_crystal_altar
D:3:      first_ration, minmay_ruptured
D:4:      old_forge, hangedman_ru_absence, uniq_ijyb
D:5:      minmay_temple_entry_purple_smoke, basic_altar, serial_shops,
          nicolae_shop_overgrown_old_shop, nicolae_shop_statue_plus,
          nicolae_shop_temple_entry_statues_fountains
D:6:      grunt_gozag_breadcrumbs, serial_shops, kennysheep_little_box
D:7:      serial_shops, shop_statue, grunt_ogre_cave, uniq_menkaure
D:8:      marbit_many_paths, hex_large, nicolae_dithmenos_shadow_blocks,
          uniq_grum
Temple:   regret_index_temple_sphere_string

Skill      XL: |  1  2  3  4  5  6  7  8  9 |
---------------+----------------------------+-----
Armour         | 2 3 4 5 |  5.5
Fighting       | 3 4 5 |  5.8
Dodging        | 3 4 5 |  5.4
Axes           | 3 4 5 |  5.3
Invocations    | 1 2 3 4 5 |  5.0
Shields        | 1 4 |  4.4
Spellcasting   | |  2.1
Charms         | |  3.2

Action                   |  1- 3 |  4- 6 |  7- 9 || total
-------------------------+-------+-------+-------++-------
Melee: Hand axe          |   151 |    67 |    38 ||   256
       War axe           |       |   266 |   309 ||   575
Throw: Tomahawk          |       |     7 |    41 ||    48
 Cast: Infusion          |     2 |       |       ||     2
Invok: Heroism           |       |       |    10 ||    10
 Abil: Hop               |       |       |     2 ||     2
  Use: Scroll            |       |     5 |     7 ||    12
       Potion            |       |     3 |     3 ||     6
 Stab: Held in net/web   |       |     1 |       ||     1
  Eat: Chunk             |     2 |    10 |     8 ||    20
       Ration            |       |       |     2 ||     2
Armor: Leather armour    |    36 |       |       ||    36
       Chain mail        |     3 |       |       ||     3
       Plate armour      |       |   332 |   292 ||   624
       Skin              |       |    23 |     6 ||    29
Dodge: Dodged            |   124 |    79 |    65 ||   268
Block: Shield            |       |       |   114 ||   114

Table legend:
 A = Spawn XP
 B = Non-spawn XP
 C = Spawn XP percentage of total XP
 D = Spawn monster count
 E = Non-spawn monster count
 F = Spawn count percentage of total count
 G = Total turns spent on level
                    A         B        C        D         E        F      G
               +---------+---------+-------+---------+---------+-------+---------
         Total |       0 |    2663 |   0.0 |       0 |     171 |   0.0 |  8502
               +---------+---------+-------+---------+---------+-------+---------
           D:1 |       0 |      74 |   0.0 |       0 |      37 |   0.0 |  1282
           D:2 |       0 |      57 |   0.0 |       0 |      18 |   0.0 |  1161
           D:3 |       0 |     159 |   0.0 |       0 |      39 |   0.0 |  1068
           D:4 |       0 |     712 |   0.0 |       0 |      35 |   0.0 |  2315
           D:5 |       0 |     454 |   0.0 |       0 |      15 |   0.0 |  1248
           D:6 |       0 |     767 |   0.0 |       0 |      21 |   0.0 |   995
           D:7 |       0 |     397 |   0.0 |       0 |       5 |   0.0 |   252
           D:8 |       0 |      43 |   0.0 |       0 |       1 |   0.0 |    41
               +---------+---------+-------+---------+---------+-------+---------
